[Event "Turkish Youth Championship 2024"]
[Site "Samsun"]
[Date "2024.05.22"]
[Round "7"]
[White "Demirkan, Mustafa"]
[Black "Ekinci, Berkay"]
[Result "0-1"]
[ECO "B30"]
[WhiteElo "1678"]
[BlackElo "1891"]
[Annotator "NA RC"]
[PlyCount "62"]
[EventDate "2024.05.18"]
[EventType "swiss"]
[EventCountry "TUR"]
[SourceTitle "playchess.com"]
[Source "ChessBase"]
[SourceQuality "1"]
[TimeControl "5400+30"]

1. e4 c5 2. Nf3 Nc6 3. Bb5 e6 4. c3 d5 5. exd5 Qxd5 6. d4 cxd4 7. Bxc6+ bxc6 8. cxd4 Ba6 9. Nc3 Bb4 10. Be3 Nf6 11. Qb3 Bxc3+ 12. Qxc3 O-O 13. Nd2 Rab8 14. b3 Qxg2 15. O-O-O Nd5 16. Qa5 Nxe3 17. fxe3 Rb6 18. e4 Qf2 19. Qa4 Rd8 20. d5 cxd5 21. exd5 Rc8+ 22. Kb2 Qf6+ 23. Ka3 Bb5 24. Ne4 Qe7+ 25. d6 Rxd6 26. Nxd6 Bxa4 27. Kxa4 Rd8 28. Nc4 Rd5 29. Rxd5 exd5 30. Nd2 Qe2 31. Rc1 g6 0-1

[Event "Turkish Youth Championship 2024"]
[Site "Samsun"]
[Date "2024.05.22"]
[Round "7"]
[White "Incecinar, Abdullah Mete"]
[Black "Bulut, Kemal"]
[Result "0-1"]
[ECO "B53"]
[WhiteElo "1643"]
[BlackElo "1848"]
[Annotator "NA RC"]
[PlyCount "50"]
[EventDate "2024.05.18"]
[EventType "swiss"]
[EventCountry "TUR"]
[SourceTitle "playchess.com"]
[Source "ChessBase"]
[SourceQuality "1"]
[TimeControl "5400+30"]

1. e4 c5 2. Nf3 d6 3. d4 cxd4 4. Qxd4 Nc6 5. Bb5 Bd7 6. Bxc6 Bxc6 7. Nc3 Nf6 8. Bg5 e6 9. O-O-O Be7 10. Rhe1 O-O 11. Qd2 h6 12. Bxf6 Bxf6 13. Nd4 Qb6 14. Kb1 Rac8 15. f4 a5 16. g4 a4 17. a3 Bd7 18. f5 Rc4 19. Nde2 Rxe4 20. Qxd6 Qxd6 21. Rxd6 Bxc3 22. bxc3 Bb5 23. Rd2 exf5 24. Kc1 Rfe8 25. Kd1 f4 0-1

[Event "Turkish Youth Championship 2024"]
[Site "Samsun"]
[Date "2024.05.22"]
[Round "7"]
[White "Akyuz, Pars"]
[Black "Ucar, Umut Can"]
[Result "0-1"]
[ECO "D43"]
[WhiteElo "1461"]
[BlackElo "1799"]
[Annotator "NA RC"]
[PlyCount "68"]
[EventDate "2024.05.18"]
[EventType "swiss"]
[EventCountry "TUR"]
[SourceTitle "playchess.com"]
[Source "ChessBase"]
[SourceQuality "1"]
[TimeControl "5400+30"]

1. d4 Nf6 2. c4 e6 3. Nc3 Bb4 4. Qc2 d5 5. Bg5 h6 6. Bxf6 Qxf6 7. e3 c6 8. Nf3 O-O 9. Bd3 Nd7 10. O-O dxc4 11. Bxc4 e5 12. Ne4 Qe7 13. a3 Ba5 14. b4 Bb6 15. Rfe1 exd4 16. exd4 Qd8 17. Qb3 Nf6 18. Nxf6+ Qxf6 19. Rad1 Bg4 20. Re3 Rad8 21. Red3 Bf5 22. R3d2 Be4 23. Ne5 Bd5 24. b5 Bxc4 25. Qxc4 c5 26. Nf3 cxd4 27. Nxd4 Rfe8 28. Nc2 Bxf2+ 29. Rxf2 Rxd1+ 30. Rf1 Qb6+ 31. Kh1 Rxf1+ 32. Qxf1 Qc5 33. Nb4 Qc3 34. Nd5 Re1 0-1

[Event "Turkish Youth Championship 2024"]
[Site "Samsun"]
[Date "2024.05.23"]
[Round "8"]
[White "Topuz, Mirac Melih"]
[Black "Zeyrek, Ayaz"]
[Result "1-0"]
[ECO "E16"]
[WhiteElo "2079"]
[BlackElo "1750"]
[Annotator "NA RC"]
[PlyCount "61"]
[EventDate "2024.05.18"]
[EventType "swiss"]
[EventCountry "TUR"]
[SourceTitle "playchess.com"]
[Source "ChessBase"]
[SourceQuality "1"]
[TimeControl "5400+30"]

1. d4 Nf6 2. c4 e6 3. Nf3 b6 4. g3 Bb7 5. Bg2 Bb4+ 6. Bd2 Be7 7. Nc3 O-O 8. O-O d6 9. d5 e5 10. Ne1 Nbd7 11. Rc1 Ne8 12. e4 g6 13. Nc2 a5 14. Qe2 Ng7 15. Kh1 Nc5 16. f4 Bc8 17. Rf2 Bd7 18. Rcf1 exf4 19. Bxf4 f5 20. e5 g5 21. exd6 cxd6 22. Be3 Bf6 23. Bd4 Re8 24. Qd2 Be5 25. Be3 h6 26. Nd4 Qe7 27. Re2 Qf7 28. Nc6 Bxc6 29. dxc6 Qh5 30. Nd5 Rab8 31. Bxc5 1-0

[Event "Turkish Youth Championship 2024"]
[Site "Samsun"]
[Date "2024.05.23"]
[Round "8"]
[White "Buyuk, Eymen Eren"]
[Black "Tonoglu, Engin Erdem"]
[Result "1/2-1/2"]
[ECO "E44"]
[WhiteElo "1999"]
[BlackElo "1691"]
[Annotator "RC"]
[PlyCount "130"]
[EventDate "2024.05.18"]
[EventType "swiss"]
[EventCountry "TUR"]
[SourceTitle "playchess.com"]
[Source "ChessBase"]
[SourceQuality "1"]
[TimeControl "5400+30"]

1. d4 Nf6 2. c4 e6 3. Nc3 Bb4 4. e3 b6 5. Nge2 Bb7 6. a3 Be7 7. d5 d6 8. Ng3 Nbd7 9. Be2 O-O 10. O-O Re8 11. e4 Bf8 12. Be3 g6 13. Qd2 Nc5 14. Qc2 Bg7 15. b4 Ncd7 16. Rad1 a6 17. a4 a5 18. b5 e5 19. f3 Qe7 20. Qc1 Nc5 21. Bg5 Qf8 22. h4 h6 23. Be3 h5 24. Qc2 Bh6 25. Bf2 Qg7 26. Rfe1 Rad8 27. Nf1 Bc8 28. Ne3 Kh8 29. g4 hxg4 30. Nxg4 Bf4 31. Nxf6 Qxf6 32. Kg2 Kg7 33. Rh1 Rh8 34. Rdg1 Rh5 35. Bd1 Rdh8 36. Ne2 R5h7 37. Nxf4 Qxf4 38. Bg3 Qe3 39. Re1 Qh6 40. Qc3 f6 41. Bf2 Kf7 42. Reg1 Qg7 43. Qd2 Nd7 44. f4 exf4 45. Qxf4 Ne5 46. Kf1 g5 47. Qd2 Ng6 48. c5 dxc5 49. d6 Ke8 50. Qd5 cxd6 51. Qc6+ Qd7 52. Qxb6 Qd8 53. Qc6+ Qd7 54. Qa8 Qb7 55. Qxa5 Qxe4 56. Qc3 Re7 57. Bf3 Qb1+ 58. Kg2 Qf5 59. Bc6+ Kf8 60. Rf1 Nf4+ 61. Kh2 Re2 62. Kg1 gxh4 63. Rh2 Rg8+ 64. Kh1 Bd7 65. Bf3 Re7 1/2-1/2

[Event "Turkish Youth Championship 2024"]
[Site "Samsun"]
[Date "2024.05.23"]
[Round "8"]
[White "Ilgaz, Yusuf Kerem"]
[Black "Cilek, Bora"]
[Result "0-1"]
[ECO "B41"]
[WhiteElo "1964"]
[BlackElo "2246"]
[Annotator "RC"]
[PlyCount "59"]
[EventDate "2024.05.18"]
[EventType "swiss"]
[EventCountry "TUR"]
[SourceTitle "playchess.com"]
[Source "ChessBase"]
[SourceQuality "1"]
[TimeControl "5400+30"]

1. e4 c5 2. Nf3 e6 3. d4 cxd4 4. Nxd4 a6 5. c4 Nf6 6. Nc3 Qc7 7. a3 b6 8. Be2 Bb7 9. f3 Be7 10. O-O O-O 11. Kh1 Nc6 12. Nxc6 dxc6 13. Be3 c5 14. Qc2 Rad8 15. Rab1 Nd7 16. b4 Ne5 17. Na4 Bc6 18. b5 axb5 19. cxb5 Bb7 20. Nb2 Kh8 21. Bf4 Bd6 22. Rbd1 f6 23. Bg3 Nf7 24. f4 e5 25. f5 Qb8 26. Bc4 Qa8 27. Bxf7 Rxf7 28. Kg1 Bc7 29. Nc4 Rfd7 30. Rxd7 0-1

[Event "Turkish Youth Championship 2024"]
[Site "Samsun"]
[Date "2024.05.23"]
[Round "8"]
[White "Turgut, Hakan"]
[Black "Cagatay, Mehmet Kayra"]
[Result "1-0"]
[ECO "E05"]
[WhiteElo "1954"]
[BlackElo "1717"]
[Annotator "RC"]
[PlyCount "167"]
[EventDate "2024.05.18"]
[EventType "swiss"]
[EventCountry "TUR"]
[SourceTitle "playchess.com"]
[Source "ChessBase"]
[SourceQuality "1"]
[TimeControl "5400+30"]

1. d4 Nf6 2. g3 e6 3. Bg2 d5 4. Nf3 Be7 5. O-O O-O 6. c4 dxc4 7. Qc2 b6 8. Ne5 Qxd4 9. Bxa8 Qxe5 10. Bf3 Ba6 11. Bf4 Qc5 12. Be3 Qb5 13. Nc3 Qa5 14. Bd2 Qc5 15. a4 Nc6 16. Be3 Nd4 17. Bxd4 Qxd4 18. Nb5 Qc5 19. Rfc1 c6 20. Na3 Nd5 21. Nxc4 Nb4 22. Qb3 Bg5 23. Ne3 Qa5 24. h4 Be7 25. Nc2 Nxc2 26. Rxc2 c5 27. Qc3 Qxc3 28. Rxc3 Bf6 29. Rc2 Rd8 30. a5 Bb5 31. axb6 axb6 32. Ra7 g6 33. h5 Be5 34. e3 Kg7 35. h6+ Kf6 36. Be4 Rd1+ 37. Kg2 Bf1+ 38. Kh2 c4 39. f4 Bd6 40. Rd7 Bd3 41. Bxd3 cxd3 42. Rc3 Rd2+ 43. Kh3 Bc5 44. Rcxd3 Rxb2 45. g4 g5 46. fxg5+ Kg6 47. Kg3 Rb1 48. Rb7 Rg1+ 49. Kf3 Kxg5 50. Rd8 Kxh6 51. Kf2 Rxg4 52. Rxf7 Re4 53. Rf3 Kg7 54. Rd7+ Kg6 55. Rg3+ Kh6 56. Rh3+ Kg6 57. Rg3+ Kh6 58. Rh3+ Kg6 59. Rd3 h5 60. Kf3 Rg4 61. Rd8 Rg5 62. Ke4 Kf6 63. Kd3 Kf5 64. Rh8 Kg4 65. Rh1 Rd5+ 66. Ke4 Rg5 67. Ra8 Kg3 68. Raa1 Rg4+ 69. Kd3 h4 70. Rag1+ Kf3 71. Rf1+ Kg3 72. Ke2 h3 73. Rf3+ Kh4 74. Rfxh3+ Kg5 75. Rh6 Kf5 76. R1h5+ Rg5 77. Rxg5+ Kxg5 78. Rxe6 Kf5 79. Re8 Kf6 80. Kd3 b5 81. Ke4 b4 82. Kd5 Kf7 83. Re4 Be7 84. Re6 1-0

[Event "Turkish Youth Championship 2024"]
[Site "Samsun"]
[Date "2024.05.23"]
[Round "8"]
[White "Ozgun, Yigit Deniz"]
[Black "Danaci, Ege"]
[Result "1-0"]
[ECO "E94"]
[WhiteElo "1917"]
[BlackElo "2031"]
[Annotator "NA RC"]
[PlyCount "103"]
[EventDate "2024.05.18"]
[EventType "swiss"]
[EventCountry "TUR"]
[SourceTitle "playchess.com"]
[Source "ChessBase"]
[SourceQuality "1"]
[TimeControl "5400+30"]

1. d4 Nf6 2. c4 g6 3. Nc3 Bg7 4. e4 O-O 5. Nf3 d6 6. Be2 e5 7. O-O Na6 8. Re1 c6 9. Be3 Ng4 10. Bg5 Qc7 11. h3 f6 12. Bh4 Nh6 13. c5 dxc5 14. dxe5 fxe5 15. Bxa6 bxa6 16. Na4 c4 17. Rc1 Qf7 18. Rc3 Bf6 19. Bxf6 Qxf6 20. Qe2 Be6 21. Nc5 Rab8 22. Rb1 Nf7 23. Nxe6 Qxe6 24. Qxc4 Qxc4 25. Rxc4 Rfc8 26. b3 Nd6 27. Ra4 Rb5 28. Rd1 Nf7 29. Rd7 a5 30. Rxa7 Rd8 31. R7xa5 Rd1+ 32. Kh2 Nd6 33. Ra8+ Kg7 34. R4a7+ Nb7 35. Rb8 Rd7 36. Nxe5 Rxe5 37. Rbxb7 Rxb7 38. Rxb7+ Kf6 39. f3 h5 40. h4 Rc5 41. a4 Rc1 42. b4 Ra1 43. a5 c5 44. Rb6+ Kf7 45. bxc5 Rxa5 46. c6 Rc5 47. Kg3 Rc2 48. Rb7+ Kf6 49. Rc7 Ke5 50. Rc8 Kd4 51. c7 Ke3 52. e5 1-0

[Event "Turkish Youth Championship 2024"]
[Site "Samsun"]
[Date "2024.05.23"]
[Round "8"]
[White "Uzdemir, Ali Poyraz"]
[Black "Tirpan, Ceren"]
[Result "0-1"]
[ECO "B45"]
[WhiteElo "1898"]
[BlackElo "2004"]
[Annotator "NA RC"]
[PlyCount "78"]
[EventDate "2024.05.18"]
[EventType "swiss"]
[EventCountry "TUR"]
[SourceTitle "playchess.com"]
[Source "ChessBase"]
[SourceQuality "1"]
[TimeControl "5400+30"]

1. e4 c5 2. Nf3 Nc6 3. d4 cxd4 4. Nxd4 Nf6 5. Nc3 e6 6. Ndb5 Bc5 7. Nd6+ Ke7 8. Bf4 e5 9. Nf5+ Kf8 10. Bg5 h6 11. Bh4 g5 12. Bg3 d6 13. Ne3 Be6 14. Ned5 Nd4 15. Bd3 Bxd5 16. Nxd5 Nxd5 17. exd5 e4 18. Bc4 Qe7 19. c3 Nf5 20. Qe2 h5 21. h3 e3 22. Bd3 Re8 23. O-O h4 24. b4 Bb6 25. Bxf5 exf2+ 26. Rxf2 Qxe2 27. Bxd6+ Kg7 28. Bc5 Qe5 29. Rd1 Bxc5 30. bxc5 Qxc3 31. Rc2 Re1+ 32. Rxe1 Qxe1+ 33. Kh2 Qe5+ 34. Kh1 Qxf5 35. Rd2 Re8 36. Rd1 Re2 37. d6 Qf2 38. Rg1 g4 39. d7 g3 0-1

[Event "Turkish Youth Championship 2024"]
[Site "Samsun"]
[Date "2024.05.23"]
[Round "8"]
[White "Kilic, Nurullah"]
[Black "Incecinar, Abdullah Mete"]
[Result "1-0"]
[ECO "B33"]
[WhiteElo "1893"]
[BlackElo "1643"]
[Annotator "NA RC"]
[PlyCount "83"]
[EventDate "2024.05.18"]
[EventType "swiss"]
[EventCountry "TUR"]
[SourceTitle "playchess.com"]
[Source "ChessBase"]
[SourceQuality "1"]
[TimeControl "5400+30"]

1. e4 c5 2. Nf3 Nc6 3. d4 cxd4 4. Nxd4 Qb6 5. Nb3 Nf6 6. Nc3 e6 7. Be3 Qc7 8. Bd3 a6 9. f4 d6 10. O-O Be7 11. Qf3 O-O 12. Bf2 b6 13. Rae1 Bb7 14. Qh3 b5 15. a3 Rac8 16. Kh1 Rfd8 17. Bg3 b4 18. Nd1 Nd7 19. e5 Nf8 20. Nf2 dxe5 21. fxe5 bxa3 22. Ng4 Ng6 23. Rxf7 Kxf7 24. Qxh7 Nf8 25. Rf1+ Ke8 26. Qxg7 Nb4 27. Rxf8+ Kd7 28. Rf7 axb2 29. Rxe7+ Kc6 30. Rxc7+ Rxc7 31. Na5+ Kd5 32. c4+ Kd4 33. Qxc7 Kxd3 34. Qxd8+ Ke2 35. Qd4 b1=Q+ 36. Qg1 Bxg2+ 37. Kxg2 Qe4+ 38. Kh3 Qh7+ 39. Bh4 Nd3 40. Qg2+ Kd1 41. Ne3+ Kc1 42. Qc2# 1-0

[Event "Turkish Youth Championship 2024"]
[Site "Samsun"]
[Date "2024.05.23"]
[Round "8"]
[White "Ekinci, Berkay"]
[Black "Sadik, Muhammed Selim"]
[Result "1-0"]
[ECO "D51"]
[WhiteElo "1891"]
[BlackElo "1734"]
[Annotator "NA RC"]
[PlyCount "59"]
[EventDate "2024.05.18"]
[EventType "swiss"]
[EventCountry "TUR"]
[SourceTitle "playchess.com"]
[Source "ChessBase"]
[SourceQuality "1"]
[TimeControl "5400+30"]

1. d4 Nf6 2. c4 e6 3. Nc3 d5 4. Bg5 c6 5. e3 Nbd7 6. Qc2 Qa5 7. Bxf6 Nxf6 8. Bd3 dxc4 9. Bxc4 e5 10. Qb3 Qc7 11. dxe5 Ng4 12. e6 f6 13. Nf3 Be7 14. Nd4 O-O 15. h3 Ne5 16. f4 Nxc4 17. Qxc4 Kh8 18. O-O c5 19. Nf5 Qd8 20. Rad1 Qe8 21. Nxe7 Qxe7 22. f5 b5 23. Qxb5 a6 24. Qc4 g6 25. Nd5 Qa7 26. e7 Re8 27. Nxf6 Qxe7 28. Nxe8 Qxe3+ 29. Kh1 Qxe8 30. fxg6 1-0

[Event "Turkish Youth Championship 2024"]
[Site "Samsun"]
[Date "2024.05.23"]
[Round "8"]
[White "Cicek, Bilal Emre"]
[Black "Nuhoglu, Yusahan"]
[Result "1-0"]
[ECO "A43"]
[WhiteElo "1873"]
[BlackElo "1792"]
[Annotator "NA RC"]
[PlyCount "95"]
[EventDate "2024.05.18"]
[EventType "swiss"]
[EventCountry "TUR"]
[SourceTitle "playchess.com"]
[Source "ChessBase"]
[SourceQuality "1"]
[TimeControl "5400+30"]

1. d4 c5 2. dxc5 e6 3. Nc3 Bxc5 4. Ne4 Nf6 5. Nxc5 Qa5+ 6. Bd2 Qxc5 7. Bc3 e5 8. Qd3 Nc6 9. O-O-O d5 10. e3 a6 11. f4 e4 12. Qd2 Be6 13. Ne2 O-O-O 14. Nd4 Rhe8 15. Be2 Kb8 16. f5 Bc8 17. Nxc6+ Qxc6 18. g4 h5 19. h3 h4 20. Rdf1 Nd7 21. Bxg7 Ne5 22. Qd4 f6 23. g5 Qc7 24. Bxf6 Nc6 25. Bxd8 Rxd8 26. Qc5 d4 27. exd4 Qg3 28. d5 Qe5 29. f6 Rxd5 30. Qxd5 Qxd5 31. f7 Nd4 32. f8=Q Nxe2+ 33. Kb1 Ng3 34. Qf4+ Ka8 35. Rd1 Qc4 36. Rhe1 Be6 37. Rd8+ Ka7 38. Qb8+ Kb6 39. Rd6+ Ka5 40. Qd8+ Kb4 41. Qb6+ Qb5 42. Rd4+ Bc4 43. c3+ Ka4 44. b3+ Ka3 45. Rxc4 Ne2 46. Rxe2 e3 47. Ra4+ Qxa4 48. Qd6+ 1-0

[Event "Turkish Youth Championship 2024"]
[Site "Samsun"]
[Date "2024.05.23"]
[Round "8"]
[White "Bulut, Kemal"]
[Black "Zerey, Demhat"]
[Result "0-1"]
[ECO "C47"]
[WhiteElo "1848"]
[BlackElo "1986"]
[Annotator "NA RC"]
[PlyCount "80"]
[EventDate "2024.05.18"]
[EventType "swiss"]
[EventCountry "TUR"]
[SourceTitle "playchess.com"]
[Source "ChessBase"]
[SourceQuality "1"]
[TimeControl "5400+30"]

1. e4 e5 2. Nf3 Nc6 3. Nc3 Nf6 4. h3 d5 5. exd5 Nxd5 6. Bb5 Nxc3 7. bxc3 Bd6 8. O-O O-O 9. d4 exd4 10. cxd4 Bf5 11. c4 Nb8 12. Bb2 c6 13. Ba4 Nd7 14. d5 Nc5 15. dxc6 Nxa4 16. Qxa4 bxc6 17. Qxc6 Rc8 18. Qd5 Be6 19. Qd4 f6 20. Rac1 Qc7 21. Rfe1 Bc5 22. Qh4 Bf7 23. Nd2 Bb4 24. Bc3 Ba3 25. Ne4 Bg6 26. Rcd1 Qxc4 27. Bxf6 gxf6 28. Nxf6+ Kh8 29. Ng4 Qf4 30. g3 Qf3 31. Qg5 Bb2 32. Rd6 Be4 33. Kf1 Rc2 34. Rd2 Qh1+ 35. Ke2 Bf3+ 36. Kd3 Qxe1 37. Kxc2 Qc1+ 38. Kb3 Qc3+ 39. Ka4 Qc4+ 40. Ka5 Bc3# 0-1

[Event "Turkish Youth Championship 2024"]
[Site "Samsun"]
[Date "2024.05.23"]
[Round "8"]
[White "Herdem, Talha"]
[Black "Atis, Hasan"]
[Result "1/2-1/2"]
[ECO "B40"]
[WhiteElo "1844"]
[BlackElo "2014"]
[Annotator "RC"]
[PlyCount "99"]
[EventDate "2024.05.18"]
[EventType "swiss"]
[EventCountry "TUR"]
[SourceTitle "playchess.com"]
[Source "ChessBase"]
[SourceQuality "1"]
[TimeControl "5400+30"]

1. e4 c5 2. Nf3 e6 3. d4 cxd4 4. Nxd4 Bc5 5. Be3 Qb6 6. Nc3 Nc6 7. Na4 Qa5+ 8. c3 Bxd4 9. Bxd4 Nxd4 10. Qxd4 e5 11. Qb4 Qxb4 12. cxb4 Nf6 13. Nc3 d6 14. Rd1 Be6 15. Rxd6 Ke7 16. Rd2 Rhd8 17. Rxd8 Rxd8 18. f3 Rd4 19. a3 a6 20. Ke2 Bb3 21. Ke3 Nd7 22. Be2 Nb6 23. Rc1 Ke6 24. Bd3 Kf6 25. Ne2 Rd6 26. Rc3 Be6 27. b3 g6 28. Bc2 Nd7 29. Bd3 b5 30. a4 Rb6 31. axb5 axb5 32. f4 Ke7 33. fxe5 Nxe5 34. Nd4 Bd7 35. Rc5 Ng4+ 36. Kf4 Rf6+ 37. Kg3 Rd6 38. Bxb5 Rxd4 39. Bxd7 Nf6 40. Bc6 Rxb4 41. Rc3 Nxe4+ 42. Bxe4 Rxe4 43. Kf3 Rb4 44. Rd3 Ke6 45. Ke3 f5 46. Kd2 Rf4 47. Ke3 Rh4 48. h3 h5 49. Rd4 g5 50. b4 1/2-1/2

[Event "Turkish Youth Championship 2024"]
[Site "Samsun"]
[Date "2024.05.23"]
[Round "8"]
[White "Cetindag, Alper"]
[Black "Ozturk, Ahmet Emir"]
[Result "1-0"]
[ECO "C02"]
[WhiteElo "1839"]
[BlackElo "1581"]
[Annotator "NA RC"]
[PlyCount "71"]
[EventDate "2024.05.18"]
[EventType "swiss"]
[EventCountry "TUR"]
[SourceTitle "playchess.com"]
[Source "ChessBase"]
[SourceQuality "1"]
[TimeControl "5400+30"]

1. e4 e6 2. d4 d5 3. e5 c5 4. c3 Nc6 5. Nf3 Qb6 6. a3 Bd7 7. b4 cxd4 8. cxd4 Rc8 9. Be3 Nh6 10. Bd3 Nf5 11. Bxf5 exf5 12. O-O h6 13. h4 Be7 14. Nc3 Be6 15. Rc1 Qd8 16. h5 g5 17. hxg6 fxg6 18. Ne1 g5 19. f3 Kf7 20. Nd3 b6 21. Qb3 Kg7 22. Rc2 h5 23. Rfc1 h4 24. Ne2 Qd7 25. Bd2 a6 26. b5 axb5 27. Qxb5 Na5 28. Qxd7 Bxd7 29. Rc7 Rhd8 30. e6 Nc4 31. Rxd7 Rxd7 32. exd7 Rd8 33. Bb4 Rxd7 34. f4 g4 35. Ne5 Nxe5 36. fxe5 1-0

[Event "Turkish Youth Championship 2024"]
[Site "Samsun"]
[Date "2024.05.23"]
[Round "8"]
[White "Hamurcu, Mehmet"]
[Black "Toptal, Uygar Altan"]
[Result "1-0"]
[ECO "C29"]
[WhiteElo "1832"]
[BlackElo "1679"]
[Annotator "NA RC"]
[PlyCount "50"]
[EventDate "2024.05.18"]
[EventType "swiss"]
[EventCountry "TUR"]
[SourceTitle "playchess.com"]
[Source "ChessBase"]
[SourceQuality "1"]
[TimeControl "5400+30"]

1. e4 e5 2. Nc3 Nf6 3. f4 d5 4. fxe5 Nxe4 5. Qf3 f5 6. d4 Bb4 7. Bd3 Nxc3 8. Bd2 Qh4+ 9. g3 Qxd4 10. bxc3 Qxe5+ 11. Kf1 Be7 12. Re1 Qf6 13. Qxd5 Bd7 14. Qxb7 O-O 15. Nf3 Qc6 16. Qxc6 Bxc6 17. Rxe7 Bxf3 18. Rg1 c6 19. Kf2 Bd5 20. c4 Bf7 21. c5 g6 22. Rge1 a5 23. Bh6 Rd8 24. Rb1 Nd7 25. Rb7 Nf6 1-0

[Event "Turkish Youth Championship 2024"]
[Site "Samsun"]
[Date "2024.05.23"]
[Round "8"]
[White "Ucar, Umut Can"]
[Black "Dogan, Umut Anil"]
[Result "0-1"]
[ECO "A45"]
[WhiteElo "1799"]
[BlackElo "1959"]
[Annotator "NA RC"]
[PlyCount "174"]
[EventDate "2024.05.18"]
[EventType "swiss"]
[EventCountry "TUR"]
[SourceTitle "playchess.com"]
[Source "ChessBase"]
[SourceQuality "1"]
[TimeControl "5400+30"]

1. d4 Nf6 2. Bf4 g6 3. e3 Bg7 4. c3 d6 5. h3 O-O 6. Bd3 Nc6 7. Nf3 Re8 8. Bb5 Bd7 9. O-O a6 10. Be2 e5 11. dxe5 dxe5 12. Bh2 Bf5 13. Qxd8 Raxd8 14. Nbd2 Nd7 15. Nb3 Bf8 16. Rad1 f6 17. Rd2 Nb6 18. Rfd1 Kg7 19. Nh4 Be6 20. e4 Na4 21. Nf3 Bxb3 22. axb3 Nc5 23. Rxd8 Nxd8 24. Nd2 Nf7 25. f3 Ne6 26. b4 Bd6 27. Nc4 Kf8 28. Bg3 Ke7 29. Ne3 c6 30. Bc4 Bc7 31. Bxe6 Kxe6 32. Nc4 b5 33. Na5 Bxa5 34. bxa5 Nd6 35. Bf2 f5 36. Bc5 Nb7 37. b4 Rc8 38. Kf2 Rc7 39. Bb6 Rf7 40. exf5+ gxf5 41. g4 fxg4 42. hxg4 e4 43. Ke3 Rxf3+ 44. Kxe4 Rxc3 45. Rh1 Nd6+ 46. Kf4 Rc4+ 47. Kf3 Nf7 48. Bc5 Ng5+ 49. Ke3 Rxg4 50. Rh6+ Kd7 51. Rd6+ Kc7 52. Rd1 Nf7 53. Bb6+ Kc8 54. Rh1 h6 55. Rf1 Ne5 56. Rf8+ Kd7 57. Rd8+ Ke6 58. Bc5 Nd7 59. Rc8 Nxc5 60. Rxc6+ Kd7 61. Rxc5 Rxb4 62. Rh5 Ra4 63. Rxh6 Rxa5 64. Kd4 Ra4+ 65. Kc5 b4 66. Kc4 a5 67. Kb3 Ra3+ 68. Kb2 Kc7 69. Rg6 Kb7 70. Rh6 Rc3 71. Kb1 Rc6 72. Rh5 Kb6 73. Ka1 Rc5 74. Rh4 Kb5 75. Kb1 Ka4 76. Rh3 Rc3 77. Rh2 Kb3 78. Rb2+ Kc4 79. Rh2 a4 80. Kb2 Rd3 81. Rh4+ Rd4 82. Rh2 a3+ 83. Ka2 Kc3 84. Rh3+ Rd3 85. Rh8 Rd2+ 86. Ka1 Rd1+ 87. Ka2 b3+ 0-1

[Event "Turkish Youth Championship 2024"]
[Site "Samsun"]
[Date "2024.05.23"]
[Round "8"]
[White "Ozmen, Sevket Mert"]
[Black "Selvi, Kaan"]
[Result "0-1"]
[ECO "B06"]
[WhiteElo "1749"]
[BlackElo "1881"]
[Annotator "NA RC"]
[PlyCount "53"]
[EventDate "2024.05.18"]
[EventType "swiss"]
[EventCountry "TUR"]
[SourceTitle "playchess.com"]
[Source "ChessBase"]
[SourceQuality "1"]
[TimeControl "5400+30"]

1. e4 c5 2. c3 d5 3. exd5 Qxd5 4. d4 g6 5. Nf3 Bg7 6. Be2 Nf6 7. Be3 cxd4 8. cxd4 O-O 9. Nc3 Qa5 10. O-O Nc6 11. Qb3 Qb4 12. Qxb4 Nxb4 13. Rfd1 Nc2 14. Rab1 Nxe3 15. fxe3 Bf5 16. Bd3 Bh6 17. e4 Bg4 18. e5 Nd7 19. Be4 Rab8 20. h3 Bxf3 21. Bxf3 Rfd8 22. Kf2 Nb6 23. Rd3 Nc4 24. Bd5 b5 25. b3 Na3 26. Be4 b4 27. Bf3 0-1

[Event "Turkish Youth Championship 2024"]
[Site "Samsun"]
[Date "2024.05.23"]
[Round "8"]
[White "Kalyoncu, Beren"]
[Black "Gokturk, Murat Kutay"]
[Result "0-1"]
[ECO "B22"]
[WhiteElo "1737"]
[BlackElo "1862"]
[Annotator "NA RC"]
[PlyCount "74"]
[EventDate "2024.05.18"]
[EventType "swiss"]
[EventCountry "TUR"]
[SourceTitle "playchess.com"]
[Source "ChessBase"]
[SourceQuality "1"]
[TimeControl "5400+30"]

1. e4 c5 2. c3 d5 3. exd5 Qxd5 4. d4 Nc6 5. Nf3 Bg4 6. Be2 cxd4 7. cxd4 e6 8. Nc3 Bb4 9. O-O Qa5 10. h3 Bxf3 11. Bxf3 Nge7 12. Be3 Rd8 13. a3 Bxc3 14. bxc3 Qxc3 15. Rb1 Rd7 16. Qa4 O-O 17. Rb5 Nd5 18. Rc1 Qd3 19. Bxd5 exd5 20. Rb3 Qe4 21. Rcb1 Qe7 22. Qb5 Qd8 23. Qd3 Na5 24. Rb5 b6 25. a4 Nc4 26. Bd2 a6 27. R5b3 Re8 28. Be3 Rc7 29. Qf5 Qd7 30. Qg5 f6 31. Qh5 Rd8 32. Bf4 Rb7 33. Rg3 Qxa4 34. Qf5 Kh8 35. Bh6 Qe8 36. Bxg7+ Rxg7 37. Qxf6 Qe7 0-1

[Event "Turkish Youth Championship 2024"]
[Site "Samsun"]
[Date "2024.05.23"]
[Round "8"]
[White "Zengin, Ovgu"]
[Black "Buyuk, Ecrin Efsa"]
[Result "0-1"]
[ECO "B13"]
[WhiteElo "1664"]
[BlackElo "1892"]
[Annotator "NA RC"]
[PlyCount "68"]
[EventDate "2024.05.18"]
[EventType "swiss"]
[EventCountry "TUR"]
[SourceTitle "playchess.com"]
[Source "ChessBase"]
[SourceQuality "1"]
[TimeControl "5400+30"]

1. e4 c6 2. d4 d5 3. exd5 cxd5 4. Bd3 Nc6 5. c3 Nf6 6. Bf4 Bg4 7. Qb3 Qd7 8. Nd2 e6 9. Ngf3 Bxf3 10. Nxf3 Bd6 11. Bd2 O-O 12. O-O Qc7 13. g3 Rab8 14. Rae1 Rfc8 15. a3 Na5 16. Qc2 h6 17. Ne5 b5 18. Qd1 Nc4 19. Qe2 Nxb2 20. Bxb5 Ne4 21. c4 Bxe5 22. dxe5 Nxd2 23. Qxd2 Nxc4 24. Bxc4 dxc4 25. Re4 c3 26. Qc2 Rb2 27. Qc1 Rcb8 28. Re3 c2 29. Re2 Qc4 30. Ree1 Rb1 31. Qd2 Rxe1 32. Rxe1 Rb1 33. Rc1 Rxc1+ 34. Qxc1 Qd3 0-1

[Event "Turkish Youth Championship 2024"]
[Site "Samsun"]
[Date "2024.05.23"]
[Round "8"]
[White "Apaydin, Mehmet Kagan"]
[Black "Basara, Arda"]
[Result "0-1"]
[ECO "A00"]
[WhiteElo "1650"]
[BlackElo "1943"]
[Annotator "NA RC"]
[PlyCount "72"]
[EventDate "2024.05.18"]
[EventType "swiss"]
[EventCountry "TUR"]
[SourceTitle "playchess.com"]
[Source "ChessBase"]
[SourceQuality "1"]
[TimeControl "5400+30"]

1. a3 Nf6 2. d4 d5 3. e3 Bf5 4. Bd3 Bxd3 5. Qxd3 Nbd7 6. Nf3 e6 7. c4 Be7 8. O-O O-O 9. Nc3 dxc4 10. Qxc4 c5 11. dxc5 Bxc5 12. b4 Be7 13. Bb2 Rc8 14. Qb5 Rc7 15. Rac1 a6 16. Qe2 b5 17. a4 bxa4 18. Nxa4 Rxc1 19. Rxc1 Qa8 20. Nc5 Nxc5 21. bxc5 Rc8 22. Bxf6 gxf6 23. Qb2 Qd5 24. Qa1 Rc6 25. Nd4 Rxc5 26. Rxc5 Bxc5 27. Qxa6 Bxd4 28. exd4 Qxd4 29. g3 Kg7 30. Qe2 f5 31. Qh5 Qg4 32. Qxg4+ fxg4 33. Kf1 Kf6 34. Ke2 Ke5 35. Ke3 f5 36. Kd3 f4 0-1